[Event "*** Titled Tuesday Blitz"]
[Site "Chess.com"]
[Date "2021.03.16"]
[Round "4"]
[White "SergeyShtyka"]
[Black "MarcoRiehle"]
[Result "1-0"]
[WhiteElo "2416"]
[BlackElo "2664"]
[TimeControl "180+1"]
[EndTime "10:39:26 PDT"]
[Termination "SergeyShtyka won by resignation"]

1. e4 e5 2. Nf3 Nf6 3. Nc3 Nc6 4. Bb5 Bc5 5. O-O O-O 6. d3 d6 7. Bxc6 bxc6 8. Bg5 h6 9. Bh4 Rb8 10. Rb1 Bg4 11. h3 Bh5 12. g4 Bg6 13. Ne2 Qd7 14.
Bxf6 gxf6 15. Ng3 h5 16. Nh4 hxg4 17. hxg4 d5 18. Qf3 a5 19. Kg2 Rb4 20. Nhf5 Rfb8 21. b3 dxe4 22. dxe4 Qd2 23. Rbd1 Qf4 24. c3 Qxf3+ 25.
Kxf3 R4b7 26. Rd7 Bf8 27. Rfd1 a4 28. b4 c5 29. a3 cxb4 30. cxb4 c5 31. bxc5 Rb3+ 32.
R1d3 Bxc5 33. Nh5 Bxh5 34. gxh5 Rxd3+ 35. Rxd3 Rb3 36. Ke2 Rxd3 37. Kxd3 Bxa3 38. Kc4 Bf8 39. f3 Kh7 40. Kc3 Bc5 41. Kc4 Bf8 42. Kc3 Ba3 43. Kc4 Bc1 44. Kb4 a3 45. Kb3 Kg8 46. Ka2 Kf8 47. Kb3 Ke8 48. h6 Bxh6 49. Nxh6 Kd7 50. Kxa3 Kc6 51. Kb4 Kd7 52. Kc5 Ke6 53. Nf5 Kd7 54.
Kd5 Ke8 55. Kd6 Kf8 56. Kd7 Kg8 57. Ke7 Kh7 58. Kxf7 Kh8 59. Kxf6 Kh7 60. Kxe5 Kg6 61. f4 Kf7 62. Nd4 Ke8 63. f5 Kf7 64. Kf4 Ke7 65. e5 Kf8 66. e6 Ke8 67. Ke5 Ke7 68. f6+ Kf8 69. e7+ Ke8 70. Kd6 Kf7 71. Kd7 Kg6 72. e8=Q+ Kh7 73. Qf7+ Kh6 74. Qg7+ Kh5 75. f7 1-0

[Event "*** Titled Tuesday Blitz"]
[Site "Chess.com"]
[Date "2021.03.16"]
[Round "4"]
[White "NoGuru"]
[Black "Niktlt"]
[Result "0-1"]
[WhiteElo "2292"]
[BlackElo "2486"]
[TimeControl "180+1"]
[EndTime "10:39:27 PDT"]
[Termination "Niktlt won on time"]

1. d4 Nf6 2. Bf4 g6 3. Nc3 d5 4.
Qd2 c6 5. e3 Qb6 6. O-O-O Bg7 7. f3 h5 8. Kb1 a5 9. Nh3 Bxh3 10. gxh3 Nbd7 11. Bd3 a4 12. a3 Nf8 13. e4 Qxd4 14.
Rhe1 Ne6 15. Be3 Qe5 16. f4 Qc7 17. f5 Nxe4 18. Bxe4 dxe4 19. fxe6 f5 20. Rg1 Bf6 21. Rxg6 b5 22. Bd4 O-O-O 23. Qf2 Rxd4 24. Rxd4 Qb6 25. Rxf6 exf6 26. Qd2 Re8 27. e7 Rxe7 28. Ne2 Qc7 29. Qf4 Qxf4 30. Nxf4 Rg7 31. Nxh5 Rg2 32. Rd6 e3 33.
Rxf6 e2 34. Re6 Rg1+ 35. Ka2 e1=Q 36. Rxe1 Rxe1 37. h4 Rh1 38. Ng3 Rxh2 39. Nxf5 Rxc2 40. Nd4 Rc4 41. Nf5 Rf4 42. Ne7+ Kb7 43. h5 Rh4 44.
Nf5 Rxh5 45. Nd4 Kb6 46. Kb1 c5 47. Ne6 b4 48. axb4 cxb4 49. Kc2 Rh2+ 50. Kc1 Kb5 51.
Nd4+ Kc4 52. Nc6 a3 53. bxa3 bxa3 54. Ne5+ Kb3 55. Nd3 a2 56. Nc5+ Kc4 0-1

[Event "*** Titled Tuesday Blitz"]
[Site "Chess.com"]
[Date "2021.03.16"]
[Round "4"]
[White "MuhittinBuker"]
[Black "AwareIdea"]
[Result "0-1"]
[WhiteElo "2189"]
[BlackElo "2431"]
[TimeControl "180+1"]
[EndTime "10:39:36 PDT"]
[Termination "AwareIdea won on time"]

1. d4 d5 2. c4 e6 3. Nc3 Nf6 4.
Nf3 a6 5. Bg5 dxc4 6. a4 Bb4 7.
e4 h6 8. Bxf6 Qxf6 9. Bxc4 O-O 10. O-O Rd8 11. e5 Qe7 12. Qe2 Nd7 13. Rfd1 Nb6 14. Bb3 Bd7 15. Ne4 Bc6 16. Bc2 Nd7 17. Rac1 Nf8 18. Qd3 Rd7 19. b3 Ba3 20. Ra1 Rad8 21.
Qe3 Bb4 22. g3 b6 23. Nh4 Bb7 24. Rac1 Ba3 25. Rb1 Bb4 26. Rd3 Ba8 27. Rbd1 Ba3 28. Bb1 Bd5 29. Bc2 Bb4 30. Ng2 c5 31. dxc5 bxc5 32. Nd6 Ba8 33. Nf4 Qg5 34. h4 Qe7 35. Nc4 Rxd3 36. Rxd3 Rxd3 37. Qxd3 Qb7 38. f3 Qxf3 39.
Qxf3 Bxf3 40. Kf2 Bd5 41. Ke3 Bc6 42. Be4 Be8 43. Bb7 a5 44. Nd6 Bd7 45. Nd3 f6 46. exf6 gxf6 47. Nf4 Kg7 48. Be4 f5 49. Bd3 Kf6 50.
Bc4 Ke7 51. Nb7 Bc6 52. Ba6 e5 53. Ng6+ Nxg6 54. h5 f4+ 55. gxf4 exf4+ 56. Kf2 Ne5 57.
Nxa5 Bxa5 0-1

[Event "*** Titled Tuesday Blitz"]
[Site "Chess.com"]
[Date "2021.03.16"]
[Round "4"]
[White "Vandros57"]
[Black "Fischerev7"]
[Result "0-1"]
[WhiteElo "2195"]
[BlackElo "2393"]
[TimeControl "180+1"]
[EndTime "10:39:36 PDT"]
[Termination "Fischerev7 won on time"]

1. d4 Nf6 2. Nf3 e6 3. c4 Bb4+ 4. Bd2 a5 5. a3 Be7 6. g3 O-O 7. Bg2 b6 8. Ne5 d5 9. cxd5 exd5 10. Nc3 c5 11. O-O Be6 12. Bg5 c4 13. a4 Ra7 14. Bxf6 Bxf6 15. f4 Rc7 16. e3 Nc6 17.
Nb5 Rc8 18. Qd2 Nb4 19. Rad1 Be7 20. f5 Bd7 21. Nxd7 Qxd7 22. Qe2 Rfe8 23. Qf3 Bg5 24.
Rfe1 f6 25. h4 Bh6 26. g4 Re7 27. Qg3 g6 28. g5 Bg7 29. fxg6 fxg5 30. gxh7+ Kh8 31.
hxg5 Rce8 32. Bh3 Qc6 33. Nd6 Qc7 34. Kg2 Rf8 35. Rf1 Rxf1 36. Rxf1 Nc2 37. Nf5 Qxg3+ 38.
Kxg3 Rf7 39. g6 Rf6 40. Nxg7 Rxg6+ 41. Kh4 Kxg7 42. Bf5 Rh6+ 43. Kg5 Rh2 44. Rg1 Nxe3 45. Kf4+ Rg2 46. Rxg2+ Nxg2+ 47. Ke5 Ne3 48. Be6 Nd1 49. Kxd5 Nxb2 50. Kc6 c3 51. Bf5 Nxa4 52. Kb5 c2 53. d5 c1=Q 54. Kxa4 Qc5 0-1

[Event "*** Titled Tuesday Blitz"]
[Site "Chess.com"]
[Date "2021.03.16"]
[Round "4"]
[White "Supernotar"]
[Black "Jumbo"]
[Result "0-1"]
[WhiteElo "2708"]
[BlackElo "2820"]
[TimeControl "180+1"]
[EndTime "10:39:37 PDT"]
[Termination "Jumbo won on time"]

1. d4 Nf6 2. c4 e6 3. Nf3 Bb4+ 4. Nbd2 O-O 5. g3 b6 6. Bg2 Bb7 7. O-O a5 8. b3 d5 9. Bb2 Nbd7 10.
e3 Qe7 11. a3 Bd6 12. Qe2 c5 13. Rfd1 Rfc8 14. a4 Rab8 15. Rac1 cxd4 16. Nxd4 Bb4 17. Nb5 Nc5 18. Bxf6 Qxf6 19. cxd5 exd5 20. Rb1 Rd8 21.
Nd4 Ba6 22. Qf3 Qg6 23. Bf1 Bc8 24. h3 h5 25. Qf4 Bd7 26. N2f3 Qe4 27. Ne5 Qxf4 28.
gxf4 Rbc8 29. Nxd7 Rxd7 30. Bg2 g6 31. Nb5 Rcd8 32.
Kf1 Kg7 33. Nd4 f5 34. Nc6 Rc8 35. Nxb4 axb4 36. Rxd5 Rxd5 37. Bxd5 Kf6 38. Bc4 Nxa4 39. Rd1 Ke7 40. Ra1 Nc3 41. Ra7+ Kd6 42. Rg7 b5 43. Rxg6+ Kc5 44. Bd3 Ra8 45. Bxf5 Ra3 46. Be6 Ra2 47. Bg8 Ne4 48. Kg2 Rxf2+ 49. Kg1 Re2 50. Rh6 Ng3 51. h4 Rxe3 52. f5 Rf3 53. Be6 Kd4 54. f6 Rxf6 55. Rxf6 Ke5 56. Rh6 Ne2+ 57.
Kf2 Nf4 58. Bg8 Nd3+ 59. Ke3 Nf4 60. Rb6 Ng2+ 0-1

[Event "*** Titled Tuesday Blitz"]
[Site "Chess.com"]
[Date "2021.03.16"]
[Round "4"]
[White "SanchezKelvin"]
[Black "Sanan_Sjugirov"]
[Result "1-0"]
[WhiteElo "2621"]
[BlackElo "2886"]
[TimeControl "180+1"]
[EndTime "10:39:39 PDT"]
[Termination "SanchezKelvin won by resignation"]

1. d4 Nf6 2. c4 e6 3. Nf3 d5 4.
Nc3 Nbd7 5. Bg5 Bb4 6. e3 c5 7. cxd5 exd5 8. dxc5 Qa5 9. Bxf6 Nxf6 10. Rc1 Bxc3+ 11.
bxc3 O-O 12. Be2 Qxc5 13. Qd4 Qa5 14. O-O Qxa2 15. Bd3 Qa3 16. Ra1 Qe7 17. Rxa7 Rxa7 18. Qxa7 Bg4 19. Nd4 Qc7 20. Rc1 Bd7 21. c4 Ng4 22.
Nf3 dxc4 23. Rxc4 Qb8 24. Qb6 Be6 25. Rc7 Qd8 26. Nd4 Qh4 27. Nf3 Qxf2+ 28. Kh1 Ra8 29. Rc1 Qxe3 30. Qxe3 Nxe3 31. Be4 Bd5 32. Bd3 Bxf3 33.
gxf3 g6 34. Rb1 Ra3 35. Be4 b5 36. Kg1 Ra5 37. Bc6 Nc4 38. Rxb5 Ra1+ 39. Kf2 Ra2+ 40.
Kg3 Ne3 41. Be4 Kg7 42. h4 Rg2+ 43. Kh3 Rd2 44. h5 f5 45. Rb7+ Kh6 46. hxg6 hxg6 47. Bc6 Kg5 48. Rb4 f4 49. Rb5+ Kh6 50. Be4 Nf1 51. Kg4 g5 52. Rb6+ Kg7 53. Kxg5 Ng3 54. Kxf4 Nxe4 55. fxe4 Kf7 56. Kf5 Rd8 57. Rb7+ Kf8 58.
e5 Rd1 59. Ra7 Ke8 60. Ke6 Kf8 61. Ra8+ Kg7 62. Ke7 Rb1 63. Ra7 Kg8 64. e6 1-0

[Event "*** Titled Tuesday Blitz"]
[Site "Chess.com"]
[Date "2021.03.16"]
[Round "4"]
[White "dosto07"]
[Black "enriquetejedor"]
[Result "0-1"]
[WhiteElo "2360"]
[BlackElo "2542"]
[TimeControl "180+1"]
[EndTime "10:39:39 PDT"]
[Termination "enriquetejedor won on time"]

1. e4 c6 2. d4 g6 3. Nc3 Bg7 4. Nf3 d5 5. h3 dxe4 6. Nxe4 Nf6 7. Nxf6+ exf6 8. Bc4 O-O 9. O-O Nd7 10. Re1 Nb6 11. Bb3 a5 12. a3 Re8 13. Bf4 a4 14. Ba2 Nd5 15. Bg3 Be6 16. Qd2 b5 17. Rad1 Qd7 18.
c3 Nb6 19. Bxe6 Rxe6 20. Rxe6 Qxe6 21. Re1 Qd7 22. Qe2 Bf8 23. Nd2 f5 24. Be5 Re8 25.
Qf1 Qe6 26. Nf3 Nc4 27. Bf4 Qc8 28. Bc1 Re4 29. Nd2 Rxe1 30. Qxe1 Nxd2 31. Bxd2 Qe6 32.
Qxe6 fxe6 33. Kf1 Bd6 34. Ke2 Kf7 35. Kd3 e5 36. c4 e4+ 37. Kc3 Ke6 38. d5+ Kd7 39.
dxc6+ Kxc6 40. cxb5+ Kxb5 41. Kd4 Bf8 42. Bc3 Bg7+ 43.
Kd5 Bf8 44. g4 Bc5 45. gxf5 gxf5 46. Be1 Bb6 47. Ke5 e3 48. fxe3 Bxe3 49. Kxf5 Kc4 50.
Bc3 Bc1 51. Kf6 Kb3 52. Kg7 h5 53. Kg6 h4 54. Kh5 Bxb2 55. Bxb2 Kxb2 56. Kxh4 Kxa3 57. Kg5 Kb4 58. h4 a3 59. h5 a2 60. h6 a1=Q 61. h7 Qh8 62. Kg6 Kc5 63. Kh6 Kd6 64. Kg6 Ke5 65.
Kh6 Kf5 0-1

[Event "*** Titled Tuesday Blitz"]
[Site "Chess.com"]
[Date "2021.03.16"]
[Round "4"]
[White "mishanick"]
[Black "Murad_Ibrahimli"]
[Result "1-0"]
[WhiteElo "3015"]
[BlackElo "2769"]
[TimeControl "180+1"]
[EndTime "10:39:40 PDT"]
[Termination "mishanick won by checkmate"]

1. e4 c5 2. Nf3 d6 3. d4 cxd4 4.
Nxd4 Nf6 5. Nc3 a6 6. Be3 Ng4 7. Bc1 Nf6 8. f3 Qb6 9. Bc4 Nc6 10. Nxc6 bxc6 11. Qd3 g6 12. Be3 Qc7 13. O-O Bg7 14.
Rad1 O-O 15. Bb3 a5 16. Rfe1 Ba6 17. Qd2 Nd7 18. Bd4 Bxd4+ 19. Qxd4 Qa7 20. f4 Qxd4+ 21.
Rxd4 Nc5 22. e5 d5 23. g3 Rfb8 24. Kf2 e6 25. Na4 Nd7 26. c4 c5 27. Rd2 d4 28.
Rc1 Rb4 29. h4 Bb7 30. Bd1 Bc6 31. b3 Bxa4 32. bxa4 Nb6 33. a3 Rxc4 34. Rb1 Nxa4 35.
Rb7 Nc3 36. Bf3 Rd8 37. h5 Ra4 38. h6 Rxa3 39. Rc7 Na4 40. Bc6 c4 41. Bxa4 Rxa4 42.
Rxd4 Ra2+ 43. Kf3 Rf8 44. Kg4 Rc2 45. Kg5 Rc3 46. g4 a4 47. Kf6 a3 48. Rdd7 Rf3 49. Kg5 a2 50. Ra7 Rf2 51. Rdc7 Rc2 52. Ra4 c3 53. Raa7 Rf2 54. Rxc3 Rd2 55. Rcc7 f6+ 56. exf6 Rd5+ 57. Kh4 g5+ 58. fxg5 Rb8 59. Rg7+ Kf8 60. Rxh7 a1=Q 61. Rh8# 1-0

[Event "*** Titled Tuesday Blitz"]
[Site "Chess.com"]
[Date "2021.03.16"]
[Round "4"]
[White "aa175"]
[Black "KuzubovYuriy"]
[Result "0-1"]
[WhiteElo "2563"]
[BlackElo "2854"]
[TimeControl "180+1"]
[EndTime "10:39:45 PDT"]
[Termination "KuzubovYuriy won by resignation"]

1. d4 g6 2. Bf4 Bg7 3. e3 d6 4.
Nf3 Nc6 5. Bc4 Nh6 6. h4 Bg4 7. Nc3 e5 8. dxe5 dxe5 9. Qxd8+ Rxd8 10. Bg5 Rd7 11. Ne4 Bxf3 12. gxf3 Nf5 13. Nc5 Rd6 14. Nxb7 h6 15. Nxd6+ Nxd6 16. Bd5 Nb4 17. Bb3 hxg5 18. c3 Na6 19. Ke2 gxh4 20. Rag1 Nc5 21. Rg4 Bf6 22. Rb4 Ke7 23. Bc2 g5 24. Rg4 Rb8 25. b4 Nd7 26. f4 exf4 27. exf4 gxf4 28. Rxf4 Ne5 29. Bb3 Bg5 30. Rd4 Nb5 31. f4 Nxd4+ 32. cxd4 Nc6 33.
fxg5 Nxd4+ 34. Kd1 Nxb3 35. Rxh4 a5 36. Re4+ Kd6 37.
axb3 Rxb4 38. Re3 Rb5 39. Rg3 Ke7 40. Kc2 Rb6 41. Re3+ Re6 42. Rf3 Re5 43. Rg3 Kf8 44.
Kc3 Kg7 45. Kc4 Kg6 46. Rg1 Re6 47. Kb5 Rb6+ 48. Ka4 Rb4+ 49. Ka3 Rb5 50. Rg3 Rxg5 51. Rf3 Rb5 52. Ka4 Rb7 53. Kxa5 f5 54. b4 Kg5 55.
Rg3+ Kf6 56. Rf3 Ke5 57. Re3+ Kd4 58. Rf3 Ke4 59. Rh3 f4 60. Rh8 f3 61. Rf8 Ke3 62. b5 f2 63. Rf6 Rb6 64. Rf7 Re6 65. Rf8 Ke2 66. Rf7 f1=Q 67. Rxf1 Kxf1 68. Kb4 Ke2 69.
Kc5 Kd3 70. Kd5 Rb6 71. Kc5 Kc3 72. Kd5 Kb4 0-1

[Event "*** Titled Tuesday Blitz"]
[Site "Chess.com"]
[Date "2021.03.16"]
[Round "4"]
[White "Srisshhhtea"]
[Black "SharapovEvgeny"]
[Result "0-1"]
[WhiteElo "2295"]
[BlackElo "2490"]
[TimeControl "180+1"]
[EndTime "10:39:47 PDT"]
[Termination "SharapovEvgeny won by checkmate"]

1. d4 d5 2. c4 c6 3. Nf3 Nf6 4. Qc2 g6 5. Nbd2 Bf5 6. Qb3 Qb6 7. c5 Qc7 8. g3 Bg7 9. Bg2 O-O 10. O-O Nbd7 11.
Nh4 Bg4 12. f3 Be6 13. Nb1 b6 14. cxb6 axb6 15. Nc3 c5 16. Be3 cxd4 17. Bxd4 Nc5 18. Qc2 Rfc8 19. Rfc1 Bd7 20. f4 e6 21. Nf3 Bc6 22. Ne5 Bb7 23. Qd1 Qe7 24. a4 Ba6 25. b4 Nce4 26. b5 Nxc3 27. Rxc3 Rxc3 28. Bxc3 Bb7 29.
Bd4 Ne4 30. Bxb6 Qb4 31. Qd4 Qb3 32. Qd3 Qxd3 33. exd3 Nc3 34. Bd4 Nxa4 35. Bf3 Bf8 36. Nd7 Bg7 37. Ne5 f6 38. Nd7 Kf7 39. Bd1 e5 40. fxe5 fxe5 41. Nxe5+ Bxe5 42. Bxe5 Nc5 43. Rxa8 Bxa8 44. Bc2 Ke6 45. Bd4 Nd7 46. Kf2 Bb7 47. h3 Ne5 48. Ke3 Nf7 49. Bb3 Nd6 50. b6 Nf5+ 51. Kf4 Nxd4 52. h4 Nxb3 53. g4 Nc5 54. d4 Nd7 55. h5 gxh5 56. gxh5 h6 57. Kg4 Nxb6 58. Kf4 Kf6 59. Kg4 Bc8+ 60. Kf4 Nc4 61. Kg3 Kg5 62. Kh2 Kxh5 63. Kg2 Kg4 64. Kg1 Kf3 65. Kh1 Kg3 66. Kg1 Bh3 67. Kh1 Nd2 68. Kg1 Nf3+ 69. Kh1 Bg2# 0-1

[Event "*** Titled Tuesday Blitz"]
[Site "Chess.com"]
[Date "2021.03.16"]
[Round "4"]
[White "Mrlammy"]
[Black "Aradhya2000"]
[Result "1-0"]
[WhiteElo "2312"]
[BlackElo "2567"]
[TimeControl "180+1"]
[EndTime "10:39:48 PDT"]
[Termination "Mrlammy won by checkmate"]

1. e4 e5 2. Nf3 Nc6 3. Bb5 a6 4. Bxc6 dxc6 5. O-O f6 6. d4 Bg4 7. dxe5 Qxd1 8. Rxd1 fxe5 9. Be3 Bxf3 10. gxf3 Bd6 11.
Nd2 Nf6 12. Nc4 O-O-O 13. a4 Rhf8 14. Bg5 h6 15. Bh4 g5 16. Bg3 Rfe8 17. Rd3 Nh5 18.
Rad1 Nxg3 19. hxg3 Re6 20. Kg2 b5 21. Na5 Rf8 22.
Nxc6 bxa4 23. Na5 Kd7 24. Nc4 Ke7 25. Ra1 Bc5 26. Rxa4 Rd8 27. Rxd8 Kxd8 28. b3 Bd4 29.
Ra5 Rc6 30. Rd5+ Ke7 31. Nxe5 Bxe5 32. Rxe5+ Kf6 33. Rf5+ Ke6 34. c4 Rb6 35. Ra5 c6 36. c5 Rxb3 37. Rxa6 Kd7 38. Ra7+ Ke6 39. Rh7 Rc3 40.
Rxh6+ Kd7 41. Rd6+ Kc7 42. Rg6 Rxc5 43. f4 gxf4 44.
gxf4 Rc4 45. e5 Rxf4 46. Kg3 Re4 47. f4 c5 48. Kf3 Re1 49. Kg4 c4 50. Kf5 Re3 51.
Rg7+ Kc6 52. Rg8 c3 53. Rc8+ Kd5 54. Kf6 Ke4 55. f5 Rf3 56. Rc4+ Kd3 57. Rc7 c2 58. e6 Kd2 59. Rxc2+ Kxc2 60. e7 Re3 61. Kf7 Re5 62. f6 Kd3 63. e8=Q Rxe8 64. Kxe8 Ke4 65. f7 Ke5 66. f8=Q Ke6 67. Qe7+ Kd5 68. Kd8 Kc6 69.
Qf6+ Kd5 70. Kd7 Ke4 71. Ke6 Kd3 72. Qh4 Ke3 73. Ke5 Kf3 74. Qf4+ Kg2 75. Kf5 Kh1 76. Ke4 Kg2 77. Ke3 Kh1 78. Qg5 Kh2 79. Kf2 Kh1 80. Qh5# 1-0

[Event "*** Titled Tuesday Blitz"]
[Site "Chess.com"]
[Date "2021.03.16"]
[Round "4"]
[White "mbojan"]
[Black "Onischuk_V"]
[Result "1-0"]
[WhiteElo "2648"]
[BlackElo "2829"]
[TimeControl "180+1"]
[EndTime "10:39:50 PDT"]
[Termination "mbojan won by resignation"]

1. g3 g6 2. Bg2 Bg7 3. Nf3 Nf6 4. O-O O-O 5. c4 d6 6. d4 Nc6 7. Nc3 e5 8. dxe5 dxe5 9. Qb3 Nd4 10. Nxd4 exd4 11.
Nd5 c6 12. Nxf6+ Qxf6 13. Bf4 Re8 14. Rfe1 a5 15. a4 Qe7 16. Qa3 Qxa3 17. Rxa3 Be6 18. b3 Bf8 19. Ra2 Bf5 20. Rd1 Bc5 21. Bf3 f6 22.
Kg2 g5 23. g4 Bg6 24. Bc1 Rad8 25. Bd2 Bb6 26. c5 Bc7 27. b4 axb4 28. Bxb4 Be5 29.
a5 Bf7 30. Ra3 Bc4 31. Rc1 Ba6 32. Bd2 Bc7 33. e3 d3 34. Rcc3 Kf7 35. h3 Rd7 36. Bd1 Kg6 37. Bb3 h5 38. Bc4 Bxc4 39. Rxc4 Ra8 40. Rd4 Rxd4 41. exd4 hxg4 42. hxg4 f5 43. gxf5+ Kxf5 44. Rxd3 Ke4 45. Rb3 Ra7 46. Bxg5 Kxd4 47.
Be3+ Kc4 48. Rb1 Bxa5 49. Kf3 Bb4 50. Rc1+ Kb5 51. Rb1 Ra2 52. Ke4 Kc4 53. Rc1+ Bc3 54. Bd4 Re2+ 55. Kf3 Re1 56. Rxe1 Bxe1 57. Ke4 Bb4 58.
f4 Bxc5 59. Bxc5 Kxc5 60. Ke5 Kb6 61. f5 c5 62. f6 c4 63. f7 c3 64. f8=Q c2 65.
Qb4+ 1-0

[Event "*** Titled Tuesday Blitz"]
[Site "Chess.com"]
[Date "2021.03.16"]
[Round "4"]
[White "MelihKaanCan"]
[Black "NishaOnYoutube"]
[Result "0-1"]
[WhiteElo "2332"]
[BlackElo "2229"]
[TimeControl "180+1"]
[EndTime "10:39:52 PDT"]
[Termination "NishaOnYoutube won by resignation"]

1. d4 f5 2. c4 Nf6 3. Nc3 d6 4. g3 g6 5. Bg2 Bg7 6. Nf3 O-O 7. O-O Nc6 8. d5 Na5 9. Nd2 c5 10. Qc2 a6 11. b3 Bd7 12. Bb2 b5 13. Rfe1 Rb8 14. h3 Qb6 15. Rab1 f4 16. gxf4 Nh5 17. e3 Bf5 18. Qc1 Bxb1 19. Ncxb1 bxc4 20.
Bxg7 Nxg7 21. Nxc4 Nxc4 22. Qxc4 a5 23. Qe4 Qb4 24.
Rc1 Qxe4 25. Bxe4 a4 26. bxa4 Rb4 27. Nc3 Rfb8 28. Bd3 Ne8 29. Bb5 Nc7 30. Bc6 Kf7 31. Kg2 Na6 32. Nb5 Rb2 33. Nc3 Nb4 34. Bb5 Nxa2 35.
Ne4 Nxc1 36. Ng5+ Kf6 37. Ne6 Ra2 38. Bd7 Nb3 39. Ng5 Nd2 40. Nxh7+ Kg7 41. Ng5 Rbb2 42.
Ne6+ Kf6 43. Ng5 Nc4 44. Kg3 Kg7 45. Ne4 Kg8 46. Bb5 Na3 47. Be8 Rc2 48. Bxg6 Kg7 49. Bf5 Nb1 50. h4 Ra3 51. h5 Rc1 52. h6+ Kxh6 53.
Ng5 Rg1+ 54. Kh4 Rxg5 55. fxg5+ Kg7 56. f4 Rxa4 57. Bd7 Re4 58. Kg4 Rxe3 59. Kf5 Nc3 60. Be8 Ne2 61. Kg4 Nd4 62. Bc6 c4 63. Ba4 c3 0-1

[Event "*** Titled Tuesday Blitz"]
[Site "Chess.com"]
[Date "2021.03.16"]
[Round "4"]
[White "ChessLover0108"]
[Black "Konavets"]
[Result "0-1"]
[WhiteElo "2780"]
[BlackElo "2954"]
[TimeControl "180+1"]
[EndTime "10:39:56 PDT"]
[Termination "Konavets won by resignation"]

1. Nf3 d5 2. d4 Nf6 3. c4 e6 4. Nc3 g6 5. cxd5 exd5 6. g3 Bg7 7. Bg2 O-O 8. O-O Re8 9. Bf4 c6 10.
Ne5 Nbd7 11. b4 Nh5 12. e3 Nxe5 13. Bxe5 Bxe5 14. dxe5 Rxe5 15. b5 Nf6 16. bxc6 bxc6 17. Rc1 Ba6 18. Re1 Bc4 19. Qd4 Qe7 20. Na4 Ne4 21.
Rb1 c5 22. Qb2 Re8 23. Red1 Rf5 24. Bxe4 dxe4 25. Qb7 Bd3 26. Qxe7 Rxe7 27. Rb8+ Kg7 28. Rc1 c4 29. Nc3 Ra5 30. a4 h5 31. h4 g5 32.
hxg5 Rxg5 33. Rb5 Ree5 34. Kh2 Kg6 35. Rd1 Rgf5 36. Rd2 Kg5 37. Rdb2 Kg4 38. Kg2 h4 39. gxh4 Kxh4 40. Rxe5 Rxe5 41. Rb7 Rg5+ 42. Kh2 Rf5 43. Kg2 a5 44. Re7 Kg4 45. Nxe4 Be2 46. Kg1 Bf3 47. Nd2 Rc5 48. Rxf7 c3 49. Rf4+ Kh5 50. Nb3 Rg5+ 51. Kh2 Bd1 52. Nc1 c2 53. Rc4 Rd5 54. Kg3 Kg6 55. f4 Rd8 56. Rc5 Rb8 57. Nd3 Rb3 58. Ne5+ Kf6 59. Kf2 Ra3 60. Ke1 Rxa4 61. Kd2 Ra1 62.
Nd3 a4 63. Nb2 a3 64. Nd3 a2 65. Ra5 Bf3 66. Kxc2 Be4 67. Ra3 Bxd3+ 68. Rxd3 Rh1 0-1

[Event "*** Titled Tuesday Blitz"]
[Site "Chess.com"]
[Date "2021.03.16"]
[Round "4"]
[White "ckgchess"]
[Black "GameOverBro"]
[Result "1-0"]
[WhiteElo "2767"]
[BlackElo "2522"]
[TimeControl "180+1"]
[EndTime "10:39:57 PDT"]
[Termination "ckgchess won by resignation"]

1. e4 d6 2. d4 Nf6 3. Nc3 e5 4.
Nf3 Nbd7 5. Bc4 Be7 6. O-O c6 7. a4 h6 8. a5 Qc7 9. h3 Nf8 10. b4 Ng6 11. b5 O-O 12. bxc6 bxc6 13. Ba3 Rd8 14. Qb1 d5 15. Bxe7 Qxe7 16. Bd3 dxe4 17. Nxe4 exd4 18. Re1 Nxe4 19. Rxe4 Qf6 20. Qb4 Bxh3 21.
Rxd4 Nf4 22. Bf1 Rab8 23. Qd2 Rxd4 24. Qxd4 Qxd4 25. Nxd4 Bd7 26. Re1 Ne6 27. Nf5 Kf8 28. Rd1 Be8 29. g3 Rb2 30. Bd3 Ra2 31. Rb1 g6 32. Nd6 Ke7 33. Nc4 Nc5 34. Re1+ Kf8 35. Nd6 Bd7 36. Bc4 Rxc2 37. Bf1 Be6 38. Ne4 Bd5 39. Nd6 Ra2 40. Re8+ Kg7 41. Rd8 Rxa5 42. Ne8+ Kf8 43. Nc7+ Ke7 44. Ra8 Ne6 45. Nxd5+ cxd5 46. Bg2 Kf6 47. Rc8 d4 48. Kf1 Ra1+ 49. Ke2 h5 50.
Bd5 a5 51. Rc6 a4 52. Ra6 Ke5 53. Bc4 a3 54. Ra5+ Kf6 55. Kf3 Rc1 56. Bd5 Rc3+ 57. Ke4 Nc5+ 58. Kxd4 Nb3+ 59. Kxc3 Nxa5 60. Kb4 a2 61.
Bxa2 Nb7 62. Bd5 Nd6 63. Kc5 Ke5 64. f4+ Kf5 65. Kxd6 Kg4 66. Ke5 Kxg3 67. Bxf7 h4 68. Bxg6 h3 69. Be4 Kg4 70. f5 Kg5 71. f6 h2 72. f7 1-0

[Event "*** Titled Tuesday Blitz"]
[Site "Chess.com"]
[Date "2021.03.16"]
[Round "4"]
[White "DamianoLew95"]
[Black "Grineva_Marianna"]
[Result "1/2-1/2"]
[WhiteElo "2471"]
[BlackElo "2262"]
[TimeControl "180+1"]
[EndTime "10:39:57 PDT"]
[Termination "Game drawn - insufficient material"]

1. e4 c5 2. Nf3 Nc6 3. Bb5 g5 4. Bxc6 dxc6 5. Nxg5 Nf6 6. d3 h6 7. Nf3 Rg8 8. g3 c4 9. e5 Ng4 10. d4 h5 11. h3 Nh6 12. c3 Be6 13. Qe2 Bd5 14.
Nbd2 b5 15. Nf1 Nf5 16. Rg1 Qd7 17. g4 hxg4 18. hxg4 Nh6 19. N3h2 O-O-O 20. f3 Nf5 21. Bf4 Nh4 22. Qf2 Rh8 23. O-O-O Ng6 24. Bg5 Bh6 25.
Bxh6 Rxh6 26. Ne3 Rdh8 27. Nhf1 Nf4 28. Kb1 Be6 29. Ng2 Nd3 30. Qe3 Qb7 31. Ne1 Nxe1 32. Rxe1 Rh3 33. Rg2 Qb6 34. Nd2 b4 35. Ne4 bxc3 36. Qxc3 a5 37. Nc5 Qb4 38. Rf1 Qxc3 39.
bxc3 Bd7 40. Kc2 Be6 41. Rb1 Bd5 42. Rf2 Rxf3 43. Rbf1 Rxf2+ 44. Rxf2 Rh4 45. g5 Rg4 46.
Na4 Rxg5 47. Nb6+ Kc7 48. Nxd5+ cxd5 49. Rxf7 Kd7 50. Rf8 Ke6 51. Ra8 Rg2+ 52. Kb1 Rg1+ 53. Kb2 Rg2+ 54. Kb1 Rg3 55. Ra6+ Kf5 56. Rxa5 Rxc3 57.
Rxd5 Ra3 58. Kb2 Ra6 59. Rc5 Rb6+ 60. Kc3 Ke4 61. Kxc4 Ra6 62. e6 Rxa2 63. Re5+ Kf4 64. Rh5 Rc2+ 65. Kb5 Rc7 66. d5 Ke4 67. Rg5 Kd4 68.
Kb6 Rc5 69. d6 Rxg5 70. dxe7 Rg8 71. Kc6 Ke5 72. Kd7 Kf6 73. e8=Q Rxe8 74. Kxe8 Kxe6 1/2-1/2

[Event "*** Titled Tuesday Blitz"]
[Site "Chess.com"]
[Date "2021.03.16"]
[Round "4"]
[White "Abund"]
[Black "renehp"]
[Result "0-1"]
[WhiteElo "2684"]
[BlackElo "2470"]
[TimeControl "180+1"]
[EndTime "10:39:58 PDT"]
[Termination "renehp won by checkmate"]

1. e4 c5 2. Nf3 d6 3. Bb5+ Bd7 4. Bxd7+ Qxd7 5. c4 Nc6 6. Nc3 Nf6 7. d4 cxd4 8.
Nxd4 g6 9. O-O Bg7 10. Be3 Ng4 11. Nc2 Nxe3 12. Nxe3 O-O 13. Rc1 a6 14. b3 Rfc8 15.
Ncd5 Qd8 16. a4 e6 17. Nc3 Qa5 18. Ne2 Rd8 19. Qe1 Nb4 20. Nc2 Nc6 21. Ne3 Rac8 22. Rd1 Qc5 23. Qd2 Nb4 24. Nf4 b5 25. axb5 axb5 26.
Nd3 Nxd3 27. Qxd3 bxc4 28. Nxc4 d5 29. exd5 Rxd5 30. Qf3 Rcd8 31. g3 Bd4 32. Kg2 h5 33.
Rd3 Bg7 34. Rfd1 Rxd3 35. Rxd3 Rxd3 36. Qxd3 Bd4 37. Qf3 Kg7 38. Nd2 f5 39. Qb7+ Kh6 40. b4 Qc2 41. Qe7 Qxd2 42. Qf8+ Bg7 43. Qe7 Qd5+ 44.
Kg1 e5 45. h4 Kh7 46. Qe8 Qd1+ 47. Kg2 Qd5+ 48. Kg1 e4 49. b5 Qd1+ 50. Kg2 Qf3+ 51.
Kg1 e3 52. Qxe3 Qxe3 53. fxe3 Be5 54. Kf2 Kg7 55. Kf3 Kf6 56. b6 Bb8 57. b7 Bc7 58. e4 fxe4+ 59. Kf2 Ke5 60. g4 hxg4 61. Kg3 e3 62. Kxg4 e2 63. b8=Q Bxb8 64. Kg5 e1=Q 65. Kxg6 Qxh4 66. Kg7 Qg4+ 67. Kf7 Qf5+ 68. Ke8 Qh7 69. Kd8 Bd6 70. Ke8 Qe7# 0-1

[Event "*** Titled Tuesday Blitz"]
[Site "Chess.com"]
[Date "2021.03.16"]
[Round "4"]
[White "GigaQuparadze"]
[Black "Evandro_Barbosa"]
[Result "0-1"]
[WhiteElo "2930"]
[BlackElo "2660"]
[TimeControl "180+1"]
[EndTime "10:40:08 PDT"]
[Termination "Evandro_Barbosa won by resignation"]

1. e4 c5 2. Nf3 e6 3. d4 cxd4 4. Nxd4 Nc6 5. Nc3 Qc7 6. Ndb5 Qb8 7. Be3 Nf6 8. f4 d6 9. Qf3 a6 10. Nd4 Qc7 11. Bd3 Be7 12. Nxc6 bxc6 13. g4 d5 14. g5 Nd7 15. Bd4 O-O 16. exd5 exd5 17. O-O-O Bd6 18. Kb1 Nc5 19. f5 Nxd3 20. Rxd3 Re8 21.
Rf1 Rb8 22. b3 Rb4 23. Qh5 Rxd4 24. Rxd4 Be5 25. Rh4 Bxc3 26. Qxh7+ Kf8 27. f6 gxf6 28. g6 f5 29. gxf7 Qxf7 30. Qh6+ Bg7 31. Qg5 Qe7 32. Qxe7+ Rxe7 33. Rb4 Kf7 34. Rb8 Be6 35. Rb6 a5 36. Rxc6 Be5 37. a4 Kf6 38. Rc5 Ra7 39. h4 f4 40. h5 Bd4 41. Rc6 Be3 42. Rc3 Ke5 43. Re1 d4 44. Rc5+ Ke4 45. h6 f3 46.
Rh5 Bf5 47. Rh4+ Ke5 48. Rh2 Kf4 49. Reh1 Rh7 50. Rh4+ Ke5 51. Rh5 f2 52. Rf1 Ke4 53.
Rh2 Kf3 54. Rh5 Bg4 55. Re5 Ke2 56. Rh1 Bf3 57. Rh2 Ke1 58. Rxf2 Kxf2 59. Rxa5 Rxh6 60.
Rf5 Bd2 61. Ka2 Bc3 62. b4 Ke3 63. Kb3 Be4 64. Rf1 Bd5+ 65. Ka3 Kd2 66. a5 Kxc2 67.
Ka4 Kd3 68. b5 Kc4 69. a6 Rh2 70. Ka3 Kc5 71. Ra1 Bxa1 0-1